 Dungeon Crawl Stone Soup version 0.20.0-10-g0535bb4 (webtiles) character file.

612 Gorglomux the Cleaver (level 7, -11/66 HPs)
             Began as a Hill Orc Monk on June 4, 2017.
             Mangled by an ogre
             ... wielding a +0 giant club
              (16 damage)
             ... on level 4 of the Dungeon.
             The game lasted 00:03:28 (3867 turns).

Gorglomux the Cleaver (Hill Orc Monk)               Turns: 3867, Time: 00:03:29

Health: -11/66     AC: 10    Str: 15    XL:     7   Next: 44%
Magic:  7/7        EV:  7    Int: 10    God:
Gold:   133        SH:  0    Dex: 14    Spells: 6/6 levels left

rFire    . . .     SeeInvis +   a - +0 hand axe
rCold    . . .     Gourm    .   (no shield)
rNeg     . . .     Faith    .   m - +0 chain mail
rPois    .         Spirit   .   J - +0 helmet
rElec    .         Reflect  .   B - +0 cloak
rCorr    .         Harm     .   (no gloves)
MR       +....     Clarity  +   (no boots)
Stlth    ..........             (no amulet)
Regen    0.3/turn               x - ring of stealth
MPRegen  0.1/turn               s - ring of see invisible

@: no status effects
A: blurry vision 1, clarity, magic resistance 1, wild magic 1
a: no special abilities


You were on level 4 of the Dungeon.
You were not hungry.

You visited 1 branch of the dungeon, and saw 4 of its levels.

You collected 133 gold pieces.

Inventory:

Hand Weapons
 a - a +0 hand axe (weapon)
Armour
 b - a +0 robe
 f - a +0 cloak
 m - a +0 chain mail (worn)
 B - a +0 cloak (worn)
 J - a +0 helmet (worn)
Jewellery
 s - a ring of see invisible (right hand)
 x - a ring of stealth (left hand)
Scrolls
 d - 3 scrolls of teleportation {unknown}
 e - 4 scrolls of magic mapping {unknown}
 h - 2 scrolls of fog {unknown}
 l - 7 scrolls of identify {unknown}
 y - a scroll of enchant armour {unknown}
 A - a scroll of amnesia {unknown}
 E - a scroll of remove curse {unknown}
 I - a scroll of immolation {unknown}
Comestibles
 c - 3 bread rations
 k - 2 royal jellies
 z - 2 meat rations
 F - a fruit
 K - 4 chunks of flesh


   Skills:
 + Level 7.5 Fighting
 + Level 8.3 Axes
 - Level 2.4 Dodging
 - Level 1.5 Stealth


You had 6 spell levels left.
You didn't know any spells.

Dungeon Overview and Level Annotations

Branches:
Dungeon (4/15)
 Temple: D:4-7

Altars:
Fedhas
Gozag
Kikubaaqudgha


Innate Abilities, Weirdness & Mutations

Scrolls take you a little longer to read.
You possess an exceptional clarity of mind.
You are resistant to hostile enchantments. (MR+)
Your spells are a little harder to cast, but a little more powerful.


Message History

The ogre is lightly wounded.
The ogre closely misses you.
You hit the ogre.
The ogre is moderately wounded.
The ogre hits you with a giant club!
You hit the ogre.
The ogre is moderately wounded.
You slash the ogre!
The ogre is heavily wounded.
The ogre hits you but does no damage.
You completely miss the ogre.
The ogre is heavily wounded.
The ogre hits you with a giant club!!
* * * LOW HITPOINT WARNING * * *
You barely miss the ogre.
The ogre is heavily wounded.
You hit the ogre.
The ogre is heavily wounded.
The ogre hits you with a giant club!
You die...

#....# #....#
#....#+#######
..............
........ #.......
........ #.......
........
#......##+#####+###
##....
#......#...@O......
#....
#......#...........
#....
#......#..########.
#.... #......#..##....
#....
#......#........+
#....
#######.........#
#....
#..###############....
#..........#.....#....
#..........'.....'....


You could see an ogre.

Vanquished Creatures
  The ghost of nikopol the Firebug, an amateur HOFE (D:3)
  Duvessa (D:4)
  An ogre (D:4)
  Dowan (D:4)
  Crazy Yiuf (D:2)
  Jessica (D:2)
  A worker ant (D:4)
  Robin (D:4)
  6 adders
  A howler monkey skeleton (D:4)
  2 oozes (D:1)
  2 worms (D:2)
  4 dart slugs
  A leopard gecko (D:2)
  An orc (D:3)
  2 ball pythons
  12 bats
  5 giant cockroaches
  8 goblins
  7 hobgoblins
  8 kobolds
  A quokka (D:3)
  8 frilled lizards
  10 rats
86 creatures vanquished.

Notes
Turn   | Place    | Note
-------+----------+-------------------------------------------
     0 | D:1      | Gorglomux the Hill Orc Monk began the quest for the Orb.
     0 | D:1      | Reached XP level 1. HP: 19/19 MP: 1/1
    92 | D:1      | Reached XP level 2. HP: 10/27 MP: 2/2
   560 | D:1      | Reached XP level 3. HP: 32/34 MP: 3/3
  1006 | D:2      | Reached skill level 5 in Axes
  1217 | D:2      | Reached XP level 4. HP: 7/41 MP: 4/4
  1714 | D:2      | Noticed Jessica
  1717 | D:2      | Killed Jessica
  1913 | D:2      | Reached XP level 5. HP: 33/48 MP: 5/5
  1948 | D:2      | Found a blossoming altar of Fedhas.
  1967 | D:2      | Reached skill level 6 in Axes
  2072 | D:2      | Found a runed door.
  2076 | D:2      | Noticed Crazy Yiuf
  2118 | D:2      | Killed Crazy Yiuf
  2551 | D:3      | Noticed nikopol's ghost (amateur HOFE)
  2580 | D:3      | Killed nikopol's ghost
  2580 | D:3      | Reached skill level 6 in Fighting
  2580 | D:3      | Reached skill level 7 in Axes
  2580 | D:3      | Reached XP level 6. HP: 42/58 MP: 6/6
  3030 | D:4      | Found an ancient bone altar of Kikubaaqudgha.
  3031 | D:4      | Noticed Duvessa
  3033 | D:4      | Noticed Dowan
  3049 | D:4      | Gained mutation: You possess an exceptional clarity of mind. [potion of mutation]
  3049 | D:4      | Gained mutation: Your spells are a little harder to cast, but a little more powerful. [potion of mutation]
  3049 | D:4      | Gained mutation: Scrolls take you a little longer to read. [potion of mutation]
  3049 | D:4      | Gained mutation: You are resistant to hostile enchantments. (MR+) [potion of mutation]
  3062 | D:4      | Killed Dowan
  3063 | D:4      | Killed Duvessa
  3063 | D:4      | Reached XP level 7. HP: 7/66 MP: 7/7
  3283 | D:4      | Noticed Robin
  3289 | D:4      | Killed Robin
  3294 | D:4      | Reached skill level 8 in Axes
  3726 | D:4      | Found an opulent altar of Gozag.
  3867 | D:4      | Mangled by an ogre

Skill      XL: |  1  2  3  4  5  6  7 |
---------------+----------------------+-----
Fighting       | 4 5 6 7 |  7.5
Axes           | 5 7 8 |  8.3
Dodging        | |  2.4
Stealth        | |  1.5

Action                   |  1- 3 |  4- 6 |  7- 9 || total
-------------------------+-------+-------+-------++-------
Melee: Hand axe          |   137 |   217 |    63 ||   417
  Use: Potion            |       |     6 |     1 ||     7
 Stab: Sleeping          |     2 |       |       ||     2
       Invisible         |       |     7 |       ||     7
  Eat: Chunk             |     1 |     6 |     3 ||    10
Armor: Robe              |    22 |       |       ||    22
       Chain mail        |    43 |   112 |    14 ||   169
Dodge: Dodged            |    98 |    70 |    15 ||   183
